 Dungeon Crawl Stone Soup version 0.17-a0-1909-g0b14330 (webtiles) character file.

4484 Melk the Nimble (level 10, -1/56 HPs)
             Began as a Kobold Berserker on Sept 25, 2015.
             Was an Elder of Trog.
             Killed from afar by an orc wizard (7 damage)
             ... with a puff of flame
             ... on level 8 of the Dungeon.
             The game lasted 00:39:46 (8895 turns).

Melk the Nimble (Kobold Berserker)                  Turns: 8895, Time: 00:39:47

Health: -1/56      AC:  9    Str: 16    XL:     10   Next: 64%
Magic:  19/19      EV: 25    Int:  5    God:    Trog [****..]
Gold:   286        SH:  0    Dex: 19    Spells: 0 memorised, 9 levels left

rFire  . . .     SeeInvis .     C - +5 spear "Rica" {flame, MP+9 Stlth+}
rCold  . . .     Clarity  .     q - +2 robe {MR+}
rNeg   . . .     SustAt   .     (shield restricted)
rPois  .         Gourm    .     (no helmet)
rElec  .         Spirit   .     y - +0 cloak
rCorr  .         Warding  .     (no gloves)
rMut   .         Stasis   .     m - +1 pair of boots
MR     +....                    (no amulet)
Stlth  +++.......               (no ring)
                                e - +2 ring of protection

@: exhausted, slowed, very slow, somewhat resistant to hostile enchantments,
fairly stealthy
A: carnivore 3
a: Burn Spellbooks, Berserk, Trog's Hand, Brothers in Arms, Renounce Religion


You were on level 8 of the Dungeon.
You worshipped Trog.
Trog was greatly pleased with you.
You were very full.

You visited 1 branch of the dungeon, and saw 9 of its levels.

You collected 286 gold pieces.

Inventory:

Hand weapons
 a - a +0 short sword
 f - a +3 dagger of speed
 h - a +1 vampiric dagger
 k - a +1 dagger of holy wrath
 C - the +5 spear "Rica" (weapon) {flame, MP+9 Stlth+}
   (You found it on level 7 of the Dungeon)

   It has been specially enchanted to burn those struck by it, causing extra
   injury to most foes and up to half again as much damage against particularly
   susceptible opponents.
   It affects your magic capacity (+9).
   It makes you more stealthy.
Missiles
 d - 144 stones (quivered)
 p - 10 tomahawks
Armour
 m - a +1 pair of boots (worn)
 n - a +2 robe of cold resistance
 q - a +2 robe of magic resistance (worn)
 y - a +0 cloak (worn)
 B - a +2 robe of magic resistance
Jewellery
 e - a +2 ring of protection (left hand)
 j - an uncursed ring of wizardry
Magical devices
 t - a wand of random effects (30)
 x - a wand of flame (12)
Scrolls
 g - 4 scrolls of identify
 i - a scroll of magic mapping
 o - 3 scrolls of remove curse
 F - 2 scrolls of teleportation
 H - a scroll of fear {unknown}
Potions
 b - a potion of poison {unknown}
 r - a potion of lignification {unknown}
 s - 4 potions of heal wounds
 u - a potion of might
 v - 2 potions of cancellation {unknown}
 w - 2 potions of flight
 z - a potion of beneficial mutation {unknown}
 A - a potion of agility {unknown}
 D - a potion of invisibility {unknown}
 E - a potion of mutation {unknown}
 G - a potion of curing
Comestibles
 c - 3 meat rations
 l - a slice of pizza


   Skills:
 - Level 3.2 Fighting
 - Level 8.7 Short Blades
 * Level 2.1 Polearms
 + Level 11.2 Throwing
 * Level 3.0 Armour
 + Level 11.2 Dodging
 - Level 1.6 Unarmed Combat


You had 9 spell levels left.
You didn't know any spells.

Dungeon Overview and Level Annotations

Branches:
Dungeon (9/15)             Temple (0/1) D:7
   Lair: D:8-11         Orc: D:9-12

Altars:
Cheibriados
Okawaru
Ru
Xom
Yredelemnul
The Shining One

Shops:
D:6 }


Innate Abilities, Weirdness & Mutations

You are small and have problems with some larger weapons.
You are carnivorous and can eat meat at any time.


Message History

The orc wizard points at you and mumbles some strange words.
The magic dart hits you!
* * * LOW HITPOINT WARNING * * *
The orc wizard casts a cantrip, but nothing happens.
You are too injured to fight recklessly!
The orc wizard hits you with a dagger.
* * * LOW HITPOINT WARNING * * *
The orc wizard misses you. The phantom completely misses you.
The orc wizard misses you. The phantom completely misses you.
You hit the orc wizard but do no damage.
The orc wizard closely misses you. The phantom completely misses you.
The orc wizard completely misses you.
You closely miss the orc wizard. The orc wizard casts a spell at you.
The puff of flame hits you!
* * * LOW HITPOINT WARNING * * *
The phantom blinks!
The orc wizard casts a spell at you. The puff of flame hits you!
You die...

#......................##.##
#.######...#....######.##.##
#.######(#......######.##.##
#.#....(('................##
#.#.####.#......######......
#.#.####(.......######......
#.#.#...(....###............
######.#.#.....ยง...#..#########..
.............)..@#.#....###..##..
######.........o.........#....##.
#.......)...........#.....##
####.....W.#>.............#....
#.........##...........#..#....
#.##.##'#.#..).........#..##..#
###.#.....#.#...........##..)#.##
....#..####.#..#.###..###......).
###.........#..#......##....##)#.


You could see a phantom and an orc wizard.

Vanquished Creatures
  2 hill giants (D:8)
  Pikel (D:7)
  Prince Ribbit (D:7)
  A trapdoor spider zombie (D:7)
  Sigmund (D:3)
  Menkaure (D:5)
  2 orc warriors
  An ice beast (D:6)
  3 slaves (D:7)
  A crocodile (D:8)
  3 ogres
  3 centaurs
  A big kobold (D:8)
  3 giant frogs
  A water moccasin zombie (D:7)
  5 wights (D:6)
  4 crimson imps
  3 giant frog skeletons
  3 hounds
  An iron imp (D:8)
  11 orc wizards
  Jessica (D:3)
  2 centaur skeletons (D:8)
  3 iguanas
  2 worker ants
  A hound zombie (D:5)
  A worker ant zombie (D:8)
  8 adders
  An adder zombie (D:5)
  2 worms
  2 adder skeletons
  4 giant geckos
  21 orcs
  7 giant cockroaches
  9 goblins
  11 hobgoblins
  17 jackals
  5 quokkas
  6 bats
  6 giant newts
  A jackal zombie (D:6)
  10 kobolds
  2 quokka skeletons
  11 rats
185 creatures vanquished.

Vanquished Creatures (collateral kills)
  A kobold (D:8)
1 creature vanquished.

Vanquished Creatures (others)
  An iguana (D:5)
  An orc (D:5)
  A giant newt (D:5)
3 creatures vanquished.

Grand Total: 189 creatures vanquished

Notes
Turn   | Place    | Note
--------------------------------------------------------------
     0 | D:1      | Melk the Kobold Berserker began the quest for the Orb.
     0 | D:1      | Reached XP level 1. HP: 14/14 MP: 1/1
    73 | D:1      | Reached XP level 2. HP: 17/19 MP: 2/2
   403 | D:1      | Reached XP level 3. HP: 23/23 MP: 3/3
   498 | D:1      | Reached skill level 5 in Short Blades
  1233 | D:2      | Acquired Trog's second power
  1522 | D:2      | Reached XP level 4. HP: 28/28 MP: 4/4
  1657 | D:2      | Reached skill level 1 in Throwing
  1863 | D:3      | Noticed Sigmund
  1987 | D:3      | Noticed Jessica
  1996 | D:3      | Killed Jessica
  1996 | D:3      | Reached XP level 5. HP: 28/32 MP: 5/5
  2530 | D:3      | Killed Sigmund
  2530 | D:3      | Reached skill level 5 in Dodging
  2530 | D:3      | Reached XP level 6. HP: 18/37 MP: 6/6
  3121 | D:4      | Reached XP level 7. HP: 23/41 MP: 7/7
  3390 | D:4      | Reached skill level 6 in Short Blades
  3390 | D:4      | Reached skill level 5 in Throwing
  4477 | D:5      | Entered Level 5 of the Dungeon
  4720 | D:5      | Noticed Menkaure
  4735 | D:5      | Killed Menkaure
  4735 | D:5      | Reached skill level 7 in Dodging
  4735 | D:5      | Reached XP level 8. HP: 46/46 MP: 8/8
  5018 | D:5      | Acquired Trog's third power
  5203 | D:5      | Found a shimmering altar of Xom.
  5617 | D:6      | Reached skill level 8 in Dodging
  5743 | D:6      | Found Sezxel's Gadget Shoppe.
  5751 | D:6      | Reached XP level 9. HP: 33/51 MP: 9/9
  5968 | D:6      | Reached skill level 9 in Dodging
  6175 | D:6      | Found a sacrificial altar of Ru.
  6715 | D:7      | Noticed Prince Ribbit
  6724 | D:7      | Killed Prince Ribbit
  7050 | D:7      | Reached skill level 10 in Dodging
  7295 | D:7      | Noticed Pikel
  7401 | D:7      | Killed Pikel
  7401 | D:7      | Reached skill level 10 in Throwing
  7401 | D:7      | Reached XP level 10. HP: 56/56 MP: 10/10
  7415 | D:7      | Got a translucent spear
  7448 | D:7      | Identified the +5 spear "Rica" {flame, MP+9 Stlth+} (You found it on level 7 of the Dungeon)
  7455 | D:7      | Found a staircase to the Ecumenical Temple.
  7864 | D:8      | Reached skill level 1 in Unarmed Combat
  8228 | D:8      | Found a glowing golden altar of the Shining One.
  8483 | D:8      | Received a gift from Trog
  8496 | D:8      | Found a snail-covered altar of Cheibriados.
  8546 | D:8      | Found a basalt altar of Yredelemnul.
  8548 | D:8      | Found an iron altar of Okawaru.
  8688 | D:9      | Noticed a hill giant
  8698 | D:9      | Noticed a hill giant
  8711 | D:8      | Killed a hill giant
  8711 | D:8      | Reached skill level 1 in Polearms
  8711 | D:8      | Reached skill level 11 in Throwing
  8888 | D:8      | Killed a hill giant
  8895 | D:8      | Killed from afar by an orc wizard

Vault maps used:
D:1:      dpeg_arrival_prison, minmay_misc_feat_rows
D:3:      first_bread, uniq_jessica, uniq_sigmund
D:4:      wad_lake_hut
D:5:      xom_confusion_cloud, uniq_menkaure
D:6:      nicolae_ru_sacrificial_ziggurat, serial_shops,
          nicolae_shop_behind_doors, minmay_large_rounded_square
D:7:      minmay_temple_entry_crystal_x, uniq_pikel, uniq_prince_ribbit1
D:8:      minmay_curly_fans, nicolae_overflow_crystal_walls, slow_altar_1,
          nicolae_overflow_hidden_temple
D:9:      david_lair_shrubbed, david_orc_5, serial_undead, serial_undead_e,
          serial_undead_e, serial_undead_e, serial_undead_b, uniq_erolcha

Action                   |  1- 3 |  4- 6 |  7- 9 | 10-12 || total
-------------------------+-------+-------+-------+-------++-------
Melee: Short sword       |    53 |       |       |       ||    53
       Dagger            |    58 |   172 |   582 |       ||   812
       Spear             |       |       |       |   104 ||   104
Throw: Stone             |    56 |    58 |   171 |    36 ||   321
Invok: Berserk           |     1 |     2 |     8 |     3 ||    14
       Trog's Hand       |       |     1 |     1 |       ||     2
       Brothers in Arms  |       |       |       |     1 ||     1
  Use: Potion            |     3 |     1 |     4 |       ||     8
       Scroll            |     6 |     5 |     3 |     1 ||    15
 Stab: Sleeping          |     1 |     2 |     1 |     1 ||     5
       Distracted        |       |       |       |     1 ||     1
  Eat: Chunk             |    11 |     6 |    21 |     9 ||    47
